 Dungeon Crawl Stone Soup version 0.27-a0-1281-ge233d83751 (webtiles) character file.

Game seed: 6166534563258773960

18445 Johnny the Thaumaturge (level 12, -3/80 HPs)
             Began as a Deep Elf Earth Elementalist on June 14, 2021.
             Was a Priest of Dithmenos.
             Slain by a slime creature (7 damage)
             ... on level 12 of the Dungeon.
             The game lasted 00:16:25 (17677 turns).

Johnny the Thaumaturge (DEEE)                      Turns: 17677, Time: 00:16:25

Health: -3/80      AC: 12    Str:  5    XL:     12   Next: 27%
Magic:  4/30       EV:  9    Int: 26    God:    Dithmenos [***...]
Gold:   806        SH:  5    Dex: 19    Spells: 21/36 levels left

rFire    . . .     SeeInvis +   D - +4 scimitar (freeze)
rCold    + . .     Faith    .   t - +0 buckler
rNeg     + . .     Spirit   .   N - +4 ring mail of the Stag {rC+ Dex+4 SInv}
rPois    .         Reflect  .   A - +0 helmet
rElec    .         Harm     .   O - scarf {repulsion}
rCorr    .         Rampage  .   n - +0 pair of gloves
Will     ++...                  j - +0 pair of boots
Stlth    ++........             (no amulet)
HPRegen  0.23/turn              b - ring of positive energy
MPRegen  0.22/turn              F - ring of willpower

@: wreathed by umbra, repel missiles
A: no striking features
a: Renounce Religion, Shadow Step


You were on level 12 of the Dungeon.
You worshipped Dithmenos.
Dithmenos was most pleased with you.
You visited 2 branches of the dungeon, and saw 13 of its levels.

You collected 806 gold pieces.

Inventory:

Hand Weapons
 C - a +0 falchion of protection
 D - a +4 scimitar of freezing (weapon)
Missiles
 g - 11 stones
 B - a curare-tipped dart
Armour
 j - a +0 pair of boots (worn)
 n - a +0 pair of gloves (worn)
 t - a +0 buckler (worn)
 A - a +0 helmet (worn)
 J - a +0 troll leather armour
 N - the +4 ring mail of the Stag (worn) {rC+ Dex+4 SInv}
   (You found it on level 11 of the Dungeon)

   It affects your dexterity (+4).
   It protects you from cold.
   It lets you see invisible.
 O - a scarf of repulsion (worn)
Jewellery
 a - a ring of willpower
 b - a ring of positive energy (left hand)
 F - a ring of willpower (right hand)
 M - the ring "Haytinn" {+Blink rC+ rCorr Int+2 Dex+6}
   (You took it off a tengu conjurer on level 12 of the Dungeon)

   [ring of dexterity]

   It affects your intelligence (+2).
   It affects your dexterity (+6).
   It protects you from cold.
   It lets you blink.
   It protects you from acid and corrosion.
Wands
 w - a wand of polymorph (5)
 y - a wand of acid (1)
 H - a wand of paralysis (1)
Scrolls
 c - a scroll of vulnerability
 d - 3 scrolls of magic mapping
 e - 3 scrolls of teleportation
 f - a scroll of enchant weapon {unknown}
 k - a scroll of blinking {unknown}
 o - 2 scrolls of noise {unknown}
 q - 2 scrolls of immolation {unknown}
 s - 2 scrolls of torment {unknown}
 u - 4 scrolls of amnesia {unknown}
 v - a scroll of enchant armour {unknown}
 E - 4 scrolls of identify
 I - a scroll of silence
Potions
 h - a potion of curing
 i - a potion of attraction {unknown}
 l - a potion of might
 m - a potion of berserk rage
 p - 2 potions of brilliance
 r - a potion of haste
 x - 2 potions of lignification {unknown}
 z - 2 potions of cancellation {unknown}
 G - a potion of mutation {unknown}
 K - a potion of ambrosia {unknown}
 L - a potion of invisibility {unknown}


   Skills:
 * Level 11.7 Fighting
 - Level 2.4 Dodging
 - Level 2.4 Stealth
 - Level 3.7 Shields
 + Level 12.9 Spellcasting
 - Level 1.1 Transmutations
 + Level 11.3 Earth Magic


You had 21 spell levels left.
You knew the following spells:

 Your Spells              Type           Power      Damage    Failure   Level
a - Sandblast             Erth           100%       2d20      1%          1
b - Stone Arrow           Conj/Erth      92%        3d12      4%          3
c - Lee's Rapid Deconstr  Erth           33%        3d18*     4%          5
d - Petrify               Tmut/Erth      49%        N/A       13%         4
e - Blink                 Tloc           N/A        N/A       26%         2

Your spell library contained the following spells:

 Spells                   Type           Power      Damage    Failure   Level
 Passwall                 Tmut/Erth      40%        N/A       1%          2
 Animate Skeleton         Necr           32%        N/A       17%         1
 Magic Dart               Conj           64%        1d6       17%         1
 Pain                     Necr           64%        1d7       17%         1
 Call Imp                 Summ           16%        N/A       26%         2
 Poisonous Vapours        Pois/Air       32%        N/A       26%         2
 Slow                     Hex            16%        N/A       26%         2
 Conjure Flame            Conj/Fire      16%        6-21      45%         3
 Mephitic Cloud           Conj/Pois/Air  16%        N/A       45%         3
 Vampiric Draining        Necr           8%         2d7       45%         3
 Animate Dead             Necr           8%         N/A       86%         4
 Agony                    Necr           16%        N/A       99%         5
 Freezing Cloud           Conj/Ice/Air   8%         6-21      99%         5


Dungeon Overview and Level Annotations

Branches:
Dungeon (12/15)            Temple (1/1) D:5            Lair (0/6) D:11
    Orc: D:9-12

Altars:
Cheibriados
Dithmenos
Elyvilon
Fedhas
Gozag
Kikubaaqudgha
Makhleb
Trog
Uskayaw
Wu Jian
The Shining One

Shops:
D:3 [   D:6 *   D:9 :

Annotations:
D:9 2 transporters, Glokmah's ghost, novice TeGl


Message History

Beogh smites you! The shadow wraith hits you!
The shadow wraith drains your vigour!
You feel yourself slow down.
Casting: Sandblast (safe; 1% risk of failure)
Confirm with . or Enter, or press ? or * to list all spells.
Aiming: Stone Arrow (dangerous; 4% risk of failure)
Press: ? - help, Shift-Dir - straight line, f/p - shadow wraith
Aim: a shadow wraith (almost destroyed, slightly transparent, umbra, 85% to hit)
The stone arrow hits the shadow wraith!
The shadow wraith is almost destroyed.
A slime creature comes into view.
You block the shadow wraith's attack.
Casting: Stone Arrow (dangerous; 4% risk of failure)
Confirm with . or Enter, or press ? or * to list all spells.
Aiming: Stone Arrow (dangerous; 4% risk of failure)
Press: ? - help, Shift-Dir - straight line, f/p - shadow wraith
Aim: a shadow wraith (almost destroyed, slightly transparent, umbra, 85% to hit)
The stone arrow hits the shadow wraith!!
You destroy the shadow wraith!
Dithmenos accepts your kill.
The slime creature quivers.
The slime creature hits you! x2
Casting: Stone Arrow (dangerous; 4% risk of failure)
Confirm with . or Enter, or press ? or * to list all spells.
You don't have enough magic to cast this spell.
The orc priest miscasts a cantrip.
Your magical contamination has completely faded away.
The orc priest calls down the wrath of Beogh upon you.
Beogh smites you!
* * * LOW HITPOINT WARNING * * *
The slime creature hits you.
* * * LOW HITPOINT WARNING * * *
You feel yourself speed up. The slime creature hits you!
* * * LOW HITPOINT WARNING * * *
Okay, then.
Okay, then.
The orc priest begins to cast a cantrip, but forgets the words!
The slime creature jiggles.
The slime creature hits you!
You die...

###.. ##../ # ##
#...## .# #
##.###....##.##.#
#...##..........#
#............#..W.
##......|....## .##
#.......<...####.#
#....@...........#
#####.J..........#.
###............
##.........#.
###..J..##..#
###.#.........##
##...............
#.......#o#.....#
##......#.##....#


You could see 2 slime creatures and an orc priest.

Vanquished Creatures
  Snorg (D:11)
  An ice dragon (D:11)
  2 hydras (D:11)
  A boulder beetle (D:11)
  2 two-headed ogres (D:10)
  Urug (D:11)
  A shadow wraith (D:12)
  A wolf spider (D:12)
  A manticore (D:11)
  An elephant (D:11)
  2 unseen horrors (D:12)
  A komodo dragon (D:9)
  A tengu conjurer (D:12)
  A hornet (D:10)
  2 trolls
  2 polar bears
  3 slime creatures (D:12)
  A meliai zombie (D:11)
  A shadow (D:9)
  Sigmund (D:5)
  A wyvern (D:10)
  Eustachio (D:6)
  21 yaks
  A steam dragon (D:8)
  5 vampire mosquitoes
  A water moccasin (D:6)
  An acid dragon (D:11)
  4 orc warriors
  A hornet zombie (D:7)
  An ice beast (D:6)
  A sky beast (D:6)
  4 black bears
  A necrophage (D:6)
  4 ogres
  A wolf (D:11)
  4 centaurs
  A phantom (D:4)
  4 kobold brigands
  2 scorpions (D:4)
  A water moccasin skeleton (D:5)
  10 wights (D:8)
  10 howler monkeys
  A bullfrog zombie (D:7)
  4 centaur zombies
  6 orc priests
  A centaur skeleton (D:7)
  A gnoll shaman (D:9)
  3 hounds
  An iguana (D:5)
  4 orc wizards
  3 hound skeletons
  6 gnolls
  10 adders
  A howler monkey skeleton (D:4)
  A shadow imp (D:8)
  2 white imps
  An adder zombie (D:5)
  3 worms
  9 dart slugs
  23 orcs
  6 ball pythons
  10 endoplasms
  9 giant cockroaches
  2 goblins
  2 hobgoblins (D:1)
  6 jackals
  7 quokkas
  7 bats
  3 frilled lizards
  23 kobolds
  2 orc skeletons (D:12)
  A rat (D:2)
265 creatures vanquished.

Vanquished Creatures (collateral kills)
  An orc warrior (D:11)
1 creature vanquished.

Vanquished Creatures (others)
  A centaur simulacrum (D:12)
  An ogre zombie (D:12)
  A goblin zombie (D:12)
  A hobgoblin zombie (D:12)
  2 orc skeletons (D:12)
  6 orc zombies (D:12)
12 creatures vanquished.

Grand Total: 278 creatures vanquished

Notes
Turn   | Place    | Note
-------+----------+-------------------------------------------
     0 | D:1      | Johnny the Deep Elf Earth Elementalist began the quest for
                  | the Orb.
     0 | D:1      | Reached XP level 1. HP: 10/10 MP: 6/6
   167 | D:1      | Reached XP level 2. HP: 7/16 MP: 0/8
   381 | D:1      | Reached skill level 1 in Fighting
   875 | D:1      | Reached XP level 3. HP: 20/20 MP: 8/10
  2207 | D:2      | Reached XP level 4. HP: 18/26 MP: 8/11
  2663 | D:2      | Reached skill level 4 in Spellcasting
  3859 | D:3      | Reached XP level 5. HP: 16/31 MP: 11/13
  4113 | D:3      | Found Weilec's Armour Shoppe.
  4546 | D:4      | Noticed a phantom
  4556 | D:4      | Killed a phantom
  4557 | D:4      | Reached skill level 1 in Shields
  4557 | D:4      | Reached XP level 6. HP: 31/37 MP: 6/15
  5285 | D:4      | Reached skill level 5 in Spellcasting
  5984 | D:4      | Reached skill level 5 in Earth Magic
  6434 | D:5      | Entered Level 5 of the Dungeon
  6450 | D:5      | Reached XP level 7. HP: 43/43 MP: 13/17
  6454 | D:5      | Learned a level 3 spell: Stone Arrow
  6845 | D:5      | Reached skill level 6 in Spellcasting
  6935 | D:5      | Found a staircase to the Ecumenical Temple.
  6968 | Temple   | Entered the Ecumenical Temple
  7121 | Temple   | Became a worshipper of Dithmenos the Shadowed
  7401 | D:5      | Noticed Sigmund
  7408 | D:5      | Killed Sigmund
  7409 | D:5      | Reached skill level 5 in Fighting
  7409 | D:5      | Reached XP level 8. HP: 49/49 MP: 15/19
  7718 | D:6      | Noticed Eustachio
  7740 | D:6      | Killed Eustachio
  8188 | D:6      | Reached skill level 7 in Spellcasting
  8672 | D:6      | Reached XP level 9. HP: 43/55 MP: 19/22
  8833 | D:6      | Found Uvudic's Lightly-Used Armoury.
  9640 | D:7      | Found a glowing golden altar of the Shining One.
  9874 | D:7      | Reached skill level 8 in Spellcasting
  9920 | D:7      | Reached * piety under Dithmenos
 11244 | D:8      | Reached ** piety under Dithmenos
 11837 | D:8      | Reached skill level 9 in Spellcasting
 12187 | D:9      | Found a transporter.
 12391 | D:9      | Noticed Glokmah's ghost (novice TeGl)
 12404 | D:9      | Learned a level 5 spell: Lee's Rapid Deconstruction
 12409 | D:9      | Learned a level 4 spell: Petrify
 12412 | D:9      | Learned a level 2 spell: Blink
 12462 | D:9      | Noticed a troll
 12467 | D:9      | Killed a troll
 12531 | D:9      | Found Weyhoer's Book Shoppe.
 12676 | D:9      | Reached XP level 10. HP: 64/64 MP: 22/25
 13189 | D:9      | Reached skill level 10 in Spellcasting
 13312 | D:9      | Found a transporter.
 13567 | D:10     | Entered Level 10 of the Dungeon
 14569 | D:10     | Noticed a two-headed ogre
 14578 | D:10     | Killed a two-headed ogre
 14579 | D:10     | Reached XP level 11. HP: 58/72 MP: 11/27
 14679 | D:10     | Reached *** piety under Dithmenos
 14680 | D:10     | Reached skill level 11 in Spellcasting
 14953 | D:10     | Noticed a two-headed ogre
 14957 | D:10     | Killed a two-headed ogre
 15223 | D:11     | Found a staircase to the Lair.
 15230 | D:11     | Reached skill level 10 in Fighting
 15249 | D:11     | Noticed a seven-headed hydra
 15258 | D:11     | Killed a seven-headed hydra
 15259 | D:11     | Reached skill level 10 in Earth Magic
 15388 | D:11     | Noticed Urug
 15402 | D:11     | Killed Urug
 15567 | D:11     | Identified the +4 ring mail of the Stag {rC+ Dex+4 SInv}
 15662 | D:11     | Noticed Snorg
 15663 | D:11     | Noticed a seven-headed hydra
 15731 | D:11     | Found a frozen archway.
 15732 | D:11     | Noticed an ice dragon
 15803 | D:12     | Noticed a five-headed hydra
 16149 | D:11     | Killed Snorg
 16150 | D:11     | Reached skill level 12 in Spellcasting
 16316 | D:11     | Killed a seven-headed hydra
 16567 | D:11     | Killed an ice dragon
 16752 | D:12     | Noticed a boulder beetle
 16787 | D:12     | Noticed a two-headed ogre
 17045 | D:12     | Identified the ring "Haytinn" {+Blink rC+ rCorr Int+2
                  | Dex+6}
 17069 | D:11     | Killed a boulder beetle
 17070 | D:11     | Reached XP level 12. HP: 65/80 MP: 2/30
 17671 | D:12     | HP: 2/80 [slime creature (12)]
 17677 | D:12     | Slain by a slime creature

Illustrated notes

Levels and vault maps discovered:
D:1:      amcnicky_arrival_choice, layout_loops_cross
D:2:      mumra_celtic_spiral_tile, layout_basic
D:3:      layout_basic, serial_shops, nicolae_shop_trees
D:4:      layout_basic
D:5:      layout_basic, minmay_temple_entry_gardened_gates, uniq_sigmund
D:6:      layout_layer_cave, minmay_shop_damaged, uniq_eustachio
D:7:      layout_loops_ring, amcnicky_altar_gilded
D:8:      layout_loops_corners
D:9:      layout_roguey, gammafunk_ghost_stat_death, serial_shops, shop
D:10:     layout_cave_pods
D:11:     layout_loops_ring, david_lair_generic,
          portal_ice_cave_entry_animals_and_master, uniq_urug, uniq_snorg
D:12:     minmay_the_grid_square_5x5_4x4_mashed
          [minmay_the_grid_square_5x5_seven,
          minmay_the_grid_square_5x5_moneybag,
          minmay_the_grid_square_5x5_half_checkered,
          minmay_the_grid_square_5x5_checkered_sparse,
          minmay_the_grid_square_5x5_six_small,
          minmay_the_grid_square_5x5_prize_pseudospiral,
          minmay_the_grid_square_5x5_prize_deathbox,
          minmay_the_grid_square_5x5_corner, minmay_the_grid_square_5x5_inner_i,
          minmay_the_grid_square_5x5_prize_open,
          minmay_the_grid_square_5x5_prize_itemx,
          minmay_the_grid_square_5x5_detours,
          minmay_the_grid_square_5x5_two_walls_b,
          minmay_the_grid_square_5x5_beaten_path,
          minmay_the_grid_square_5x5_pentomino_r,
          minmay_the_grid_square_5x5_longway], layout_cave_pools,
          zombieorc2_lemuel
Temple:   roderic_octagonal_lattice_temple

Skill      XL: |  1  2  3  4  5  6  7  8  9 10 11 |
---------------+----------------------------------+-----
Fighting       | 1 2 3 4 5 6 8 9 11 | 11.7
Spellcasting   | 4 5 6 7 9 10 12 | 12.9
Earth Magic    | 4 5 6 8 9 11 | 11.3
Shields        | 1 2 3 |  3.7
Dodging        | |  2.4
Stealth        | |  2.4
Transmutations | |  1.1

Action                   |  1- 3 |  4- 6 |  7- 9 | 10-12 || total
-------------------------+-------+-------+-------+-------++-------
Melee: Unarmed           |    19 |       |       |       ||    19
       Short sword       |    60 |   122 |    10 |       ||   192
       Rapier            |       |       |    50 |       ||    50
       Scimitar          |       |       |    13 |    31 ||    44
       Falchion          |       |       |     7 |       ||     7
 Cast: Sandblast         |    42 |    61 |   142 |    80 ||   325
       Stone Arrow       |       |       |    39 |    78 ||   117
       Lee's Rapid Decon |       |       |       |    30 ||    30
       Blink             |       |       |       |     9 ||     9
       Petrify           |       |       |       |     5 ||     5
Evoke: Wand              |       |       |     1 |    19 ||    20
  Use: Potion            |       |     2 |       |     2 ||     4
       Scroll            |       |     1 |     5 |     8 ||    14
 Stab: Sleeping          |     4 |     3 |     1 |       ||     8
       Paralysed         |       |       |       |     8 ||     8
       Petrifying        |       |       |       |     1 ||     1
Armor: Robe              |     5 |       |       |       ||     5
       Ring mail         |    35 |    96 |    79 |    20 ||   230
       Steam dragon scal |       |       |     1 |    13 ||    14
       Troll leather arm |       |       |       |    12 ||    12
Dodge: Dodged            |    53 |    75 |    88 |   112 ||   328
       Repelled          |       |       |       |     3 ||     3
Block: Buckler           |       |    12 |    46 |    35 ||    93
       Rpst.: Falchion   |       |       |     2 |       ||     2
       Scimitar          |       |       |     1 |    34 ||    35

Table legend: (Time is in decaauts)
 A = Elapsed time spent in this place.
 B = Non-inter-level travel time spent in this place.
 C = Inter-level travel time spent in this place.
 D = Time resting spent in this place.
 E = Time spent auto-exploring this place.
 F = Levels seen in this place.
 G = Mean time per level.
                   A        B        C        D        E       F      G
               +--------+--------+--------+--------+--------+-----+--------+
         Total |  17726 |  17271 |    455 |   3948 |  11189 |  13 | 1363.5 |
       Dungeon |  17552 |  17135 |    417 |   3948 |  11059 |  12 | 1462.7 |
        Temple |    173 |    135 |     38 |      0 |    130 |   1 |  173.0 |
               +--------+--------+--------+--------+--------+-----+--------+

Top non-repeatable levels by time:
     D:4: 1990 daAuts
     D:2: 1953 daAuts
    D:11: 1895 daAuts
    D:10: 1846 daAuts
     D:6: 1648 daAuts
     D:9: 1507 daAuts
     D:8: 1417 daAuts
     D:7: 1413 daAuts
     D:1: 1264 daAuts
     D:3: 1247 daAuts
     D:5: 1079 daAuts
    D:12: 289 daAuts
  Temple: 173 daAuts
